 Dungeon Crawl Stone Soup version 0.31-a0-702-gf82c85558f (webtiles) character file.

Game seed: 5503861827719310955

23 qw the Shooter (level 3, 0/21 HPs)
             Began as a Gargoyle Hunter on Sept 8, 2023.
             Slain by a black bear (2 damage)
             ... on level 2 of the Dungeon.
             The game lasted 00:00:18 (992 turns).

qw the Shooter (Gargoyle Hunter)                     Turns: 992, Time: 00:00:19

Health: 0/21       AC:  6    Str: 14    XL:     3   Next: 0%
Magic:  3/3        EV: 11    Int:  9    God:
Gold:   49         SH:  0    Dex: 15    Spells: 2/2 levels left

rFire   . . .        Y - +0 shortbow
rCold   . . .        (shield currently unavailable)
rNeg    + . .        c - +0 leather armour
rPois   inf          (no helmet)
rElec   +            (no cloak)
rCorr   .            (no gloves)
SInv    .            (no boots)
Will    .....        (no amulet)
Stlth   ++           (no ring)
HPRegen 0.23/turn    (no ring)
MPRegen 0.08/turn

%: no passive effects
@: no status effects
A: sickness immunity, AC +3, negative energy resistance 1, electricity
resistance, torment resistance 1, petrification resistance
a: no special abilities


You were on level 2 of the Dungeon.
You visited 1 branch of the dungeon, and saw 2 of its levels.

You collected 49 gold pieces.


Innate Abilities, Weirdness & Mutations

You are immune to sickness and miasma.
Your stone body is resilient. (AC +3)
You are immune to poison.
You resist negative energy. (rN+)
You are resistant to electric shocks. (rElec)
You are resistant to unholy torment.
You are immune to petrification.


   Skills:
 - Level 2.1 Fighting
 + Level 4.9 Ranged Weapons
 - Level 1.5 Dodging
 - Level 1.1 Stealth


You had 2 spell levels left.
You didn't know any spells.
Your spell library was empty.

Inventory:

Hand Weapons
 Y - a +0 shortbow (weapon)
Armour
 c - a +0 leather armour (worn)
Potions
 a - a potion of brilliance {unknown}
 e - a potion of mutation {unknown}
 g - a potion of might {unknown}
 h - a potion of curing {unknown}

Dungeon Overview and Level Annotations

Branches:
Dungeon (2/15)

Altars:


Message History

The arrow closely misses the black bear.
The black bear bites you but does no damage.
The black bear claws you but does no damage.
The black bear closely misses you.
You shoot an arrow.
The arrow closely misses the black bear.
The black bear bites you. The black bear closely misses you.
The black bear barely misses you.
You shoot an arrow. The arrow hits the black bear!
The black bear is moderately wounded.
The black bear closely misses you. The black bear misses you.
The black bear claws you but does no damage.
The black bear bites you.
The black bear claws you but does no damage. x2
You shoot an arrow.
The arrow hits the black bear but does no damage.
The black bear is moderately wounded.
The black bear barely misses you.
The black bear claws you but does no damage. x2
You shoot an arrow.
The arrow hits the black bear but does no damage.
The black bear is moderately wounded.
The black bear bites you.
The black bear claws you but does no damage. x2
You shoot an arrow. The arrow barely misses the black bear.
The black bear bites you.
The black bear claws you but does no damage.
The black bear closely misses you.
You shoot an arrow. The arrow hits the black bear.
The black bear is heavily wounded.
The black bear bites you but does no damage.
The black bear claws you. The black bear closely misses you.
You shoot an arrow. The arrow hits the black bear!
The black bear is severely wounded.
The black bear barely misses you. The black bear claws you. x2
The black bear goes berserk!
You shoot an arrow. The arrow hits the black bear!
The black bear is almost dead.
The black bear bites you. The black bear claws you.
You die...

.#...........#
.#.#######.#.#
....
......#.###
##..
..........#
####
#######.#.#####
.# #.#.<...# .#
#.#####.# .#
#.#####.# .#
#.##.@..# ##
#.##h#### #.##.
#. ##


You could see a black bear (berserk).

Vanquished Creatures
  A dart slug (D:2)
  A bat (D:2)
  An endoplasm (D:1)
  3 giant cockroaches
  A goblin (D:1)
  A hobgoblin (D:1)
  6 kobolds (D:1)
  A quokka (D:1)
  3 frilled lizards (D:1)
  3 rats (D:1)
21 creatures vanquished.

Notes
Turn   | Place    | Note
-------+----------+-------------------------------------------
     0 | D:1      | qw the Gargoyle Hunter began the quest for the Orb.
     0 | D:1      | Reached XP level 1. HP: 12/12 MP: 1/1
     0 | D:1      | 0 ||| qw: Version: 0.3-a-76-g4403597
     0 | D:1      | 0 ||| qw: Game counter: 1215
     0 | D:1      | 0 ||| qw: Melee chars always use a shield: true
     0 | D:1      | 0 ||| qw: God list: Okawaru
     0 | D:1      | 0 ||| qw: Allow faded altars: false
     0 | D:1      | 0 ||| qw: Do Orc after clearing Dungeon:15 true
     0 | D:1      | 0 ||| qw: Do second Lair branch before Depths: true
     0 | D:1      | 0 ||| qw: Lair rune preference: random
     0 | D:1      | 0 ||| qw: Goals: Normal
     0 | D:1      | 0 ||| PLANNING D:1-11
    51 | D:1      | Found a faded altar of an unknown god.
   306 | D:1      | Reached XP level 2. HP: 17/17 MP: 2/2
   500 | D:1      | 500 ||| Stepping ~*~*~tactically~*~*~ (outnumbered).
   502 | D:1      | 502 ||| Stepping ~*~*~tactically~*~*~ (outnumbered).
   505 | D:1      | 505 ||| Stepping ~*~*~tactically~*~*~ (outnumbered).
   836 | D:1      | 836 ||| READING scroll labelled LOUZUO QIEL.
   837 | D:1      | 837 ||| READING scroll labelled NIFITIFROR.
   838 | D:1      | 838 ||| READING scroll labelled DEDIBR BOTIMA.
   839 | D:1      | 839 ||| READING scroll labelled JUUNUA LIAZXISYZXA.
   840 | D:1      | 840 ||| DROPPING scroll of butterflies.
   937 | D:2      | Reached XP level 3. HP: 21/21 MP: 3/3
   983 | D:2      | Noticed a black bear
   991 | D:2      | HP: 4/21 [black bear (3)]
   992 | D:2      | Slain by a black bear

Levels and vault maps discovered:
D:1:      lemuel_arrival_room, layout_loops_ring,
          nicolae_ecumenical_lake_church, lexackson_kobold_supper
D:2:      layout_basic, minmay_lizard_king

Action                     || total
---------------------------++-------
   Fire: Shortbow          ||    66
    Use: Scroll            ||     4
 Armour: Leather armour    ||    33
  Dodge: Dodged            ||    20

Table legend:
 A = Non-vault XP
 B = Vault XP
 C = Vault XP percentage of total XP
 D = Non-vault monster count
 E = Vault monster count
 F = Vault count percentage of total count
                 A         B        C        D         E       F
            +---------+---------+-------+---------+---------+-------
      Total |      25 |       9 |  26.5 |      13 |       8 |  38.1
            +---------+---------+-------+---------+---------+-------
        D:1 |      15 |       9 |  37.5 |       9 |       8 |  47.1
        D:2 |      10 |       0 |   0.0 |       4 |       0 |   0.0
            +---------+---------+-------+---------+---------+-------
